 Dungeon Crawl Stone Soup version 0.32-a0-391-gce5c0aab1b (webtiles) character file.

Game seed: 16770302292423444530

4354 BrainOfJoshTwitch the Frost Mage (level 10, -11/63 HPs)
             Began as a Human Ice Elementalist on Feb 18, 2024.
             Was a Priest of Vehumet.
             Mangled by a spriggan
             ... wielding the +2 rapier of the Ten Runes {heavy, rC+++ SInv Stlth+}
              (18 damage)
             ... in a bailey on Feb 20, 2024.
             The game lasted 00:53:07 (6729 turns).

BrainOfJoshTwitch the Frost Mage (HuIE)             Turns: 6729, Time: 00:53:08

Health: -11/63     AC:  6    Str:  8    XL:     10   Next: 34%
Magic:  0/18       EV: 12    Int: 27    God:    Vehumet [***...]
Gold:   960        SH:  0    Dex: 10    Spells: 6/20 levels left

rFire   . . .        E - +5 trident of Discomfort {flame, rElec Int+6 Dex-3}
rCold   . . .        (no shield)
rNeg    + . .        r - +2 robe {rN+}
rPois   .            i - +1 helmet
rElec   +            a - scarf {+Inv}
rCorr   .            (no gloves)
SInv    .            (no boots)
Will    .....        j - amulet of magic regeneration
Stlth   ++           (no ring)
HPRegen 0.30/turn    (no ring)
MPRegen 0.56/turn

%: no passive effects
@: swift, freezing walls, very quick
A: explore regen, wild magic 1, evolution 1
a: Renounce Religion, Evoke Invisibility


You were in a bailey.
You worshipped Vehumet.
Vehumet was most pleased with you.
You visited 2 branches of the dungeon, and saw 8 of its levels.
You also visited: Bailey.

You collected 1121 gold pieces.
You spent 161 gold pieces at shops.

Inventory:

Hand Weapons
 h - a +2 dagger of holy wrath
 p - a +0 dagger of protection
 E - the +5 trident of Discomfort (weapon) {flame, rElec Int+6 Dex-3}
   (You took it off an orc on level 6 of the Dungeon)

   Int+6:     It affects your intelligence (+6).
   Dex-3:     It affects your dexterity (-3).
   rElec:     It insulates you from electricity.
Missiles
 e - 5 javelins
Armour
 a - a scarf of invisibility (worn)
 i - a +1 helmet (worn)
 r - a +2 robe of positive energy (worn)
 D - the +2 leather armour "Hohem" {rC+ Stlth+}
   (You found it on level 6 of the Dungeon)

   rC+:       It protects you from cold.
   Stlth+:    It makes you more stealthy.
Jewellery
 j - an amulet of magic regeneration (around neck)
 v - a ring of fire
 y - an amulet of reflection
Wands
 C - a wand of charming (6)
Scrolls
 d - 3 scrolls of noise
 f - 4 scrolls of teleportation
 g - a scroll of identify
 k - a scroll of enchant armour
 m - 2 scrolls of revelation
 x - a scroll of fog
Potions
 b - a potion of magic
 c - 3 potions of curing
 l - 2 potions of attraction
 o - a potion of enlightenment
 t - a potion of mutation
 z - 5 potions of might {unknown}


   Skills:
 - Level 2.0 Dodging
 - Level 2.0 Stealth
 + Level 5.5 Spellcasting
 * Level 7.7 Conjurations
 * Level 9.1 Ice Magic
 * Level 7.6 Air Magic


You had 6 spell levels left.
You knew the following spells:

 Your Spells              Type           Power      Damage    Failure   Level
a - Freeze                Ice            100%       1d10      1%          1
b - Shock                 Conj/Air       100%       1d9       1%          1
c - Frozen Ramparts       Ice            100%       1d16      1%          3
d - Summon Ice Beast      Ice/Summ       41%        N/A       5%          3
e - Swiftness             Air            59%        N/A       1%          3
f - Ozocubu's Armour      Ice            65%        N/A       1%          3

Your spell library contained the following spells:

 Spells                   Type           Power      Damage    Failure   Level
 Brom's Barrelling Bould  Conj/Erth      36%        2d6       5%          4
 Airstrike                Air            29%        2d(5-21)  1%          4
 Necrotise                Necr           36%        1d5       11%         1
 Vampiric Draining        Necr           9%         2d6       28%         3
 Martyr's Knell           Necr/Summ      9%         N/A       65%         4
 Curse of Agony           Necr           9%         N/A       92%         5


Dungeon Overview and Level Annotations

Branches:
Dungeon (7/15)             Temple (1/1) D:5          Bailey (1/1)

Altars:
Ashenzari
Cheibriados
Dithmenos
Elyvilon
Fedhas
Gozag
Hepliaklqana
Kikubaaqudgha
Makhleb
Nemelex Xobeh
Okawaru
Qazlal
Trog
Uskayaw
Vehumet
Wu Jian
Zin
The Shining One
Beogh
Ignis

Shops:
D:3 [   D:4 *

Annotations:
D:4 Edmund


Innate Abilities, Weirdness & Mutations

You regain HP and MP as you explore.
Your spells are a little harder to cast, but a little more powerful.
You have hidden genetic potential.


Message History

Casting: Summon Ice Beast (dangerous; 5% risk of failure)
Confirm with . or Enter, or press ? or * to list all spells.
You feel quick.
Your ice beast closely misses the spriggan.
Your icy armour cracks and falls away as you move.
The frozen ramparts melt away as you move.
The spriggan barely misses you.
Your ice beast closely misses the spriggan.
Your ice beast barely misses the spriggan.
Aiming: Shock (safe; 1% risk of failure)
Press: ? - help, Q - select action, (/) - cycle Shift-Dir - straight line, p - spriggan
Okay, then.
You see here a +0 halberd.
Aiming: Shock (safe; 1% risk of failure)
Press: ? - help, Q - select action, (/) - cycle Shift-Dir - straight line, f/p - spriggan
Aim: a spriggan, wielding the +2 rapier of the Ten Runes {heavy, rC+++ SInv Stlth+} (heavily wounded, ally target, 48% to hit)
Okay, then.
Casting: Shock (safe; 1% risk of failure)
Confirm with . or Enter, or press ? or * to list all spells.
Casting: Frozen Ramparts (safe; 1% risk of failure)
Press: ? - help, Dir - look around, f - activate The walls around you are covered in ice.
The spriggan completely resists.
The wall freezes the spriggan but does no damage.
The spriggan completely resists.
The wall freezes the spriggan but does no damage.
The spriggan hits you with the +2 rapier of the Ten Runes {heavy, rC+++ SInv Stlth+}!
* * * LOW HITPOINT WARNING * * *
Aiming: Shock (safe; 1% risk of failure)
Press: ? - help, Q - select action, (/) - cycle Shift-Dir - straight line The zap hits the spriggan!
The spriggan is severely wounded.
Aiming: Shock (safe; 1% risk of failure)
Press: ? - help, Q - select action, (/) - cycle Shift-Dir - straight line The zap hits the spriggan.
The spriggan is almost dead.
The spriggan completely resists.
The wall freezes the spriggan but does no damage.
The spriggan hits you with the +2 rapier of the Ten Runes {heavy, rC+++ SInv Stlth+}!!
You die...

..# ##...##
♣..## #.....#
♣..###.....##
...
♣..~~~..∩...#
..~
#..~~~......#
..~
#..~~~......#
..~
#..~~~......#
...
#..~~~..∩...#
...
#♣i@###.....##
#..♣♣ ##Y)##
#.....# #.)#♣
##).## ##...##
##..♣####♣#).##
##.##
##.).......##
### ##.).....##
#########


You could see a spriggan (ally target) and a friendly ice beast (summoned).

Vanquished Creatures
  Pikel (D:6)
  A troll (D:7)
  Sigmund (D:6)
  3 spriggans (Bailey)
  Eustachio (D:6)
  An orc warrior (D:6)
  An ice beast (D:5)
  3 black bears (D:6)
  A sky beast (D:6)
  6 ogres
  A centaur (D:6)
  2 phantoms
  2 kobold brigands (D:6)
  A lemure (D:6)
  2 bullfrogs
  2 scorpions (D:6)
  2 bombardier beetles
  4 jellies
  4 orc priests
  A hound (D:4)
  Crazy Yiuf (D:2)
  Jessica (D:2)
  A gnoll bouda (D:6)
  4 iguanas
  3 orc wizards (D:6)
  15 gnolls
  5 adders
  A shadow imp (D:5)
  A white imp (D:6)
  4 ufetubi (D:7)
  A dart slug (D:3)
  A ribbon worm (D:3)
  29 orcs
  9 endoplasms
  A giant cockroach (D:1)
  22 hobgoblins
  4 jackals (D:1)
  A quokka (D:3)
  7 ball pythons
  9 bats
  5 frilled lizards
  15 goblins
  18 kobolds
  6 rats
204 creatures vanquished.

Vanquished Creatures (collateral kills)
  A black bear (D:6)
  An orc wizard (D:6)
  3 orcs (D:6)
5 creatures vanquished.

Grand Total: 209 creatures vanquished

Notes
Turn   | Place    | Note
-------+----------+-------------------------------------------
     0 | D:1      | BrainOfJoshTwitch the Human Ice Elementalist began the
                  | quest for the Orb.
     0 | D:1      | Reached XP level 1. HP: 13/13 MP: 3/3
   188 | D:1      | Reached XP level 2. HP: 19/19 MP: 5/5
   432 | D:1      | Learned a level 1 spell: Shock
   482 | D:1      | Reached XP level 3. HP: 24/24 MP: 6/6
  1100 | D:2      | Reached skill level 1 in Air Magic
  1109 | D:2      | Learned a level 3 spell: Frozen Ramparts
  1164 | D:2      | Reached XP level 4. HP: 25/30 MP: 7/7
  1185 | D:2      | Found a snail-covered altar of Cheibriados.
  1196 | D:2      | Reached skill level 1 in Conjurations
  1208 | D:2      | Learned a level 3 spell: Summon Ice Beast
  1368 | D:2      | Noticed Jessica
  1379 | D:2      | Killed Jessica
  1491 | D:2      | Reached skill level 5 in Ice Magic
  1672 | D:2      | Reached XP level 5. HP: 34/35 MP: 9/9
  1729 | D:2      | Found a runed translucent door.
  1730 | D:2      | Noticed Crazy Yiuf
  1842 | D:2      | Killed Crazy Yiuf
  1920 | D:3      | Found a faded altar of an unknown god.
  1946 | D:3      | Found Ulasm's Armour Shoppe.
  1973 | D:3      | Bought a +2 robe of positive energy for 161 gold pieces
  2208 | D:3      | Found an ornate altar of the Wu Jian Council.
  2210 | D:3      | Found a glowing silver altar of Zin.
  2456 | D:3      | Found a radiant altar of Vehumet.
  2462 | D:3      | Became a worshipper of Vehumet
  2694 | D:4      | Noticed an ogre
  2805 | D:4      | Found Ahineg's Gadget Gallery.
  2845 | D:4      | Reached XP level 6. HP: 35/41 MP: 6/10
  2849 | D:4      | Learned a level 3 spell: Swiftness
  2929 | D:4      | Noticed Edmund
  3403 | D:4      | Reached XP level 7. HP: 40/46 MP: 6/11
  3758 | D:5      | Entered Level 5 of the Dungeon
  3795 | D:5      | Found a staircase to the Ecumenical Temple.
  3905 | Temple   | Entered the Ecumenical Temple
  4013 | D:5      | Found an iron altar of Okawaru.
  4039 | D:5      | Reached skill level 6 in Ice Magic
  4522 | D:5      | Reached XP level 8. HP: 24/52 MP: 2/13
  4850 | D:5      | Learned a level 3 spell: Ozocubu's Armour
  4924 | D:6      | Reached * piety under Vehumet
  4924 | D:6      | Offered knowledge of Magic Dart by Vehumet.
  4943 | D:6      | Noticed Sigmund
  4951 | D:6      | Killed Sigmund
  5110 | D:6      | Noticed Pikel
  5165 | D:6      | Killed Pikel
  5166 | D:6      | Reached skill level 5 in Conjurations
  5166 | D:6      | Reached skill level 7 in Ice Magic
  5166 | D:6      | Reached skill level 5 in Air Magic
  5166 | D:6      | Reached XP level 9. HP: 23/57 MP: 7/15
  5299 | D:6      | Identified the +2 leather armour "Hohem" {rC+ Stlth+}
  5299 | D:6      | Noticed Eustachio
  5376 | D:6      | Killed Eustachio
  5388 | D:6      | Found a runed translucent door.
  5403 | D:6      | Reached ** piety under Vehumet
  5403 | D:6      | Offered knowledge of Mercury Vapours by Vehumet.
  5421 | D:6      | Reached skill level 8 in Ice Magic
  5450 | D:6      | Found a roughly hewn altar of Beogh.
  5452 | D:6      | Identified the +5 trident of Discomfort {flame, rElec Int+6
                  | Dex-3}
  5540 | D:6      | Reached skill level 5 in Spellcasting
  5613 | D:6      | Found a shadowy altar of Dithmenos.
  5630 | D:6      | Identified a scroll of acquirement
  5630 | D:6      | Acquired 738 gold pieces
  5674 | D:6      | Gained mutation: You have large cloven feet. [potion of
                  | mutation]
  5674 | D:6      | Gained mutation: Your spells are a little harder to cast,
                  | but a little more powerful. [potion of mutation]
  5674 | D:6      | Lost mutation: You have large cloven feet. [potion of
                  | mutation]
  5674 | D:6      | Gained mutation: You have hidden genetic potential. [potion
                  | of mutation]
  5686 | D:6      | Offered knowledge of Hailstorm by Vehumet.
  5788 | D:6      | Reached *** piety under Vehumet
  5924 | D:6      | Upgraded the game from 0.32-a0-361-g289a535e89 to
                  | 0.32-a0-391-gce5c0aab1b
  5957 | D:6      | Found a blossoming altar of Fedhas.
  6096 | D:7      | Offered knowledge of Brom's Barrelling Boulder by Vehumet.
  6112 | D:7      | Reached XP level 10. HP: 61/63 MP: 14/17
  6456 | D:7      | Found a flagged portal.
  6470 | Bailey   | Entered a bailey
  6550 | Bailey   | Reached skill level 9 in Ice Magic
  6703 | Bailey   | Identified the +2 rapier of the Ten Runes {heavy, rC+++
                  | SInv Stlth+}
  6729 | Bailey   | Mangled by a spriggan

Illustrated notes

Levels and vault maps discovered:
D:1:      beargit_arrival_diablo_church, layout_basic, minivault_27,
          st_stairs_6, grunt_decor_junction
D:2:      layout_rooms, basic_altar, wander_ebering_terrifying_dragon_lair,
          uniq_jessica, uniq_crazy_yiuf_cottage
D:3:      layout_loops_cross, nicolae_vehumet_altar_sigil,
          nicolae_overflow_hidden_temple, serial_shops, nicolae_diamond_shop,
          nicolae_ecumenical_lake_church, amcnicky_mini_pool_small,
          kennysheep_generic_room_9
D:4:      layout_loops_corners, dreamdust_mushroom_princess,
          nicolae_shop_gadgets, uniq_edmund
D:5:      layout_loops_ring, okawaru_trees_2, minmay_temple_entry_mist,
          hangedman_abyss_or_decor_stabs, grunt_ministairs_8
D:6:      corexii_shantytown, layout_rooms, overflow_temple_1_default,
          grunt_dithmenos_smoke, lightli_church_of_beogh, uniq_sigmund,
          uniq_eustachio, uniq_pikel
D:7:      cheibrodos_shockbox, layout_basic, enter_ossuary_2, enter_bailey_4
Temple:   pdpol_scorched_temple
Bailey:   bailey_polearm_enchanted_keep_hellmonk, bailey

Skill      XL: |  1  2  3  4  5  6  7  8  9 10 |
---------------+-------------------------------+-----
Air Magic      | 1 2 3 4 5 7 |  7.6
Conjurations   | 1 2 3 4 5 7 |  7.7
Ice Magic      | 5 6 7 8 9 |  9.1
Spellcasting   | 3 4 5 |  5.5
Dodging        | |  2.0
Stealth        | |  2.0

Action                     |  1- 3 |  4- 6 |  7- 9 | 10-12 || total
---------------------------+-------+-------+-------+-------++-------
  Melee: Unarmed           |     6 |       |       |       ||     6
         Trident           |    33 |    38 |    56 |     3 ||   130
         Dagger            |       |    85 |    65 |       ||   150
   Cast: Freeze            |    23 |    24 |    43 |     8 ||    98
         Shock             |     1 |    30 |   139 |    47 ||   217
         Frozen Ramparts   |       |    11 |    24 |     9 ||    44
         Summon Ice Beast  |       |       |     5 |     2 ||     7
         Swiftness         |       |       |     1 |     1 ||     2
         Ozocubu's Armour  |       |       |     2 |     1 ||     3
    Use: Scroll            |       |       |    11 |       ||    11
         Potion            |       |       |     5 |       ||     5
   Stab: Sleeping          |       |     9 |     2 |       ||    11
 Armour: Robe              |    26 |    84 |   106 |    22 ||   238
  Dodge: Dodged            |    36 |    77 |    92 |    18 ||   223

Table legend: (Time is in decaauts)
 A = Elapsed time spent in this place.
 B = Non-inter-level travel time spent in this place.
 C = Inter-level travel time spent in this place.
 D = Time resting spent in this place.
 E = Time spent auto-exploring this place.
 F = Levels seen in this place.
 G = Mean time per level.
                   A        B        C        D        E       F      G
               +--------+--------+--------+--------+--------+-----+--------+
         Total |   6781 |   6518 |    263 |    661 |   4154 |   9 |  753.4 |
       Dungeon |   6519 |   6256 |    263 |    614 |   4022 |   7 |  931.3 |
        Temple |      1 |      1 |      0 |      0 |      0 |   1 |    1.0 |
        Bailey |    260 |    260 |      0 |     47 |    132 |   1 |  260.0 |
               +--------+--------+--------+--------+--------+-----+--------+

Top non-repeatable levels by time:
     D:6: 1245 daAuts
     D:5: 1093 daAuts
     D:1: 1086 daAuts
     D:4: 1017 daAuts
     D:3: 868 daAuts
     D:2: 805 daAuts
     D:7: 402 daAuts
  Bailey: 260 daAuts
  Temple: 1 daAuts
